[Event "*** Titled Tuesday Blitz"]
[Site "Chess.com"]
[Date "2019.09.03"]
[Round "6"]
[White "kuli4ik"]
[Black "beatles_22"]
[Result "1-0"]
[WhiteElo "2798"]
[BlackElo "2670"]
[TimeControl "180+2"]
[EndTime "16:23:38 PDT"]
[Termination "kuli4ik won by resignation"]

1. Nf3 Nf6 2. g3 g6 3. b3 Bg7 4. Bb2 O-O 5. Bg2 d6 6. d4 Nbd7 7. O-O c5 8. c4 Ne4 9. Nbd2 Nxd2 10. Qxd2 a6 11. dxc5 Bxb2 12. Qxb2 Nxc5 13. Rad1 Rb8 14. b4 Nd7 15. Rd4 Qc7 16. Rfd1 Nb6 17. Qc1 Be6 18. c5 dxc5 19. bxc5 Nd7 20. Ng5 Nxc5 21. Nxh7 Rfd8 22. Qh6 Rxd4 23. Rxd4 Qe5 24. e3 Qg7 25. Qxg7+ Kxg7 26. Ng5 Bxa2 27. Rd2 Bc4 28. Rc2 b5 29. Bf1 Bxf1 30.
Kxf1 Na4 31. Rc7 b4 32. Ne4 b3 33. Nd2 b2 34. Nb1 Rb3 35. Ke2 Nb6 36. Ra7 Na4 37.
Kd2 Nc5 38. Kc2 Rb6 39. Rxe7 a5 40. Rc7 Ne4 41. f3 Ng5 42. f4 Nf3 43. h4 Nh2 44. e4 Ng4 45. e5 Ne3+ 46. Kd3 Nd5 47. Ra7 Nb4+ 48. Kc3 Nc6 49. Ra8 Ne7 50. Rxa5 Nf5 51. g4 Nxh4 52. Ra7 Ng2 53. f5 Ne3 54. f6+ Kg8 55.
g5 Rb8 56. e6 fxe6 57. Rg7+ Kf8 58. Rxg6 Nd5+ 59. Kd4 Nf4 60. Rh6 Kf7 61. Ke5 Nd3+ 62. Ke4 Nc5+ 63. Kd4 Nb3+ 64. Kc3 Nc5 65. Kd4 Nb3+ 66.
Kc4 e5 67. Rh7+ Kg6 68. Rg7+ Kf5 69. f7 Na5+ 70. Kd3 Ke6 71. g6 Nc6 72. Rg8 Ke7 73. Nc3 Rf8 74. Kc2 Nb4+ 75. Kxb2 e4 76. Nxe4 Nd3+ 77. Kc3 Ne5 78. g7 Rxf7 79. Re8+ Kxe8 80.
g8=Q+ Ke7 81. Qg5+ Ke6 82. Qh6+ Kd5 83. Ng5 Rc7+ 84.
Kd2 Nc4+ 85. Ke2 Ne5 86. Qe6+ 1-0

[Event "*** Titled Tuesday Blitz"]
[Site "Chess.com"]
[Date "2019.09.03"]
[Round "6"]
[White "Blackmind96"]
[Black "Hrant_ChessMood"]
[Result "1/2-1/2"]
[WhiteElo "2721"]
[BlackElo "2872"]
[TimeControl "180+2"]
[EndTime "16:24:02 PDT"]
[Termination "Game drawn - insufficient material"]

1. d4 Nf6 2. c4 g6 3. f3 c5 4. d5 e6 5. e4 exd5 6. cxd5 d6 7. Nc3 a6 8. a4 Bg7 9. Bg5 Nbd7 10. Qd2 h5 11. Nge2 O-O 12. Nc1 Qe8 13. Be2 Nh7 14. Bh6 Bxh6 15. Qxh6 Qe7 16. O-O Ne5 17. Nd3 Bd7 18. f4 Nxd3 19. Bxd3 Rae8 20. Rae1 Qf6 21. e5 Qg7 22. Qxg7+ Kxg7 23. Ne4 Bf5 24. exd6 Bxe4 25.
Bxe4 Rd8 26. Rc1 Nf6 27. Bf3 b6 28. b4 cxb4 29. Rc6 Nd7 30. Re1 b3 31. Rb1 Nc5 32.
Rxb6 Rb8 33. Rc6 Nxa4 34. Bd1 Nb6 35. Rc5 Nd7 36. Rc7 Nf6 37. Rxb3 Nxd5 38. Ra7 Rxb3 39. Bxb3 Nxf4 40. Rxa6 Rb8 41. d7 Rd8 42. Ba4 Ne6 43.
Rd6 Kf6 44. Rd1 Ke7 45. Bc6 Rb8 46. Rf1 Rb6 47. Ba4 Rd6 48. Rc1 Nf8 49. Re1+ Kf6 50.
Rf1+ Kg7 51. Re1 Nxd7 52. Bxd7 Rxd7 53. h3 Rd4 54. Kh2 h4 55. Ra1 Kh6 56. Ra2 Kg5 57.
Ra7 f5 58. Rh7 Kf6 59. Ra7 g5 60. Ra6+ Ke5 61. Ra5+ Kf4 62. Ra2 Re4 63. Rf2+ Ke5 64. Ra2 Re3 65. Ra8 Kf4 66. Rf8 Re5 67. Rf7 Ke3 68.
Rg7 f4 69. Rf7 Kf2 70. Ra7 f3 71. gxf3 Re2 72. Rf7 Kf1+ 73. Kh1 Rg2 74. f4 Rf2 75. f5 Rf4 76. f6 Kf2 77. Kh2 Kf3 78. Rg7 Rf5 79. f7 Kf4 80. Kg2 Rf6 81. Kh2 Kf5 82.
Kg2 Kf4 83. Kf2 Rf5 84. Kg2 Ke5 85. f8=Q Rxf8 86. Rxg5+ Rf5 87. Rxf5+ Kxf5 88. Kf3 Kg5 89. Ke4 Kg6 90. Kf4 Kh7 91. Kg4 Kh8 92. Kxh4 Kg8 93.
Kg5 Kh8 94. h4 Kg8 95. h5 Kh8 96. h6 Kg8 97. h7+ Kxh7 1/2-1/2

[Event "*** Titled Tuesday Blitz"]
[Site "Chess.com"]
[Date "2019.09.03"]
[Round "6"]
[White "Jospem"]
[Black "eljanov"]
[Result "1/2-1/2"]
[WhiteElo "2933"]
[BlackElo "2931"]
[TimeControl "180+2"]
[EndTime "16:24:49 PDT"]
[Termination "Game drawn by stalemate"]

1. c4 Nf6 2. Nf3 e6 3. g3 d5 4. Bg2 d4 5. O-O c5 6. e3 Nc6 7. exd4 cxd4 8. b3 Be7 9. Ba3 O-O 10. d3 Re8 11. Re1 h6 12. Bxe7 Rxe7 13. Na3 e5 14. c5 Nd5 15. Nc4 Nc3 16. Qd2 Qc7 17. Rac1 Bg4 18. Ncxe5 Nxe5 19. Nxd4 Nxa2 20. Qxa2 Nxd3 21.
Rxe7 Qxe7 22. Rf1 Qxc5 23. Nf3 Re8 24. h3 Bxf3 25. Bxf3 b5 26. Qd2 Ne5 27. Bg2 Rc8 28. Ra1 Qb6 29. Qd5 Ng6 30. Be4 Nf8 31. Qb7 Qxb7 32. Bxb7 Rc7 33. Ba6 Rc5 34. b4 Rc4 35. Rb1 Ne6 36. Bxb5 Rc2 37. Ra1 Rb2 38. Ra4 g6 39.
Bc4 Kf8 40. b5 Rc2 41. Bxe6 fxe6 42. Rxa7 Rb2 43. Rb7 e5 44. Kf1 e4 45. g4 h5 46. b6 hxg4 47. hxg4 Ke8 48. g5 Kd8 49. Rb8+ Kd7 50. b7 Kc7 51. Rg8 Kxb7 52. Rxg6 Kc7 53. Re6 Rb5 54. Rg6 Kd7 55. Ke2 Ke7 56. Ke3 Kf7 57. Rf6+ Kg7 58. Kf4 Rb4 59. Rf5 Kg6 60. Rf6+ Kg7 61. Re6 Rb2 62. Kg3 Rb3+ 63. Kg2 Rb5 64.
g6 Rg5+ 65. Kh3 Rxg6 66. Rxe4 Kf6 67. Rg4 Rh6+ 68. Kg3 Rh1 69. Ra4 Rb1 70. Kf4 Rb5 71. Ra6+ Kf7 72. Kg4 Rc5 73. Rd6 Rb5 74. f4 Rc5 75.
Rh6 Rb5 76. Rh7+ Kf6 77. Ra7 Rc5 78. Ra4 Rb5 79. Rc4 Ra5 80. Rb4 Rc5 81. Ra4 Rb5 82. Ra6+ Kf7 83. Rd6 Ra5 84. Kf3 Rb5 85. Ke4 Ke7 86.
Rg6 Kf7 87. Rh6 Ra5 88. Kf3 Rb5 89. Rh4 Kf6 90. Kg4 Ra5 91. Rh6+ Kf7 92. Rc6 Rb5 93. Rc4 Ra5 94. Re4 Rb5 95. f5 Kf6 96. Re6+ Kf7 97.
Kg5 Rb1 98. Rf6+ Kg7 99. Rg6+ Kf7 100. Rf6+ Kg7 101. Ra6 Rg1+ 102. Kh5 Rh1+ 103. Kg4 Rg1+ 104. Kf4 Rf1+ 105. Ke5 Re1+ 106. Kd6 Kf7 107. Ra8 Re2 108. Kd5 Re1 109. Ra6 Re2 110. Re6 Rxe6 111. fxe6+ Ke7 112. Ke5 Ke8 113. Kf5 Ke7 114. Ke5 Ke8 115. Kf6 Kf8 116. e7+ Ke8 117. Ke6 1/2-1/2

[Event "*** Titled Tuesday Blitz"]
[Site "Chess.com"]
[Date "2019.09.03"]
[Round "7"]
[White "Kimster98"]
[Black "Kildepiotr"]
[Result "0-1"]
[WhiteElo "2598"]
[BlackElo "2508"]
[TimeControl "180+2"]
[EndTime "16:31:33 PDT"]
[Termination "Kildepiotr won by resignation"]

1. d4 c5 2. d5 e5 3. e4 d6 4.
Bb5+ Nd7 5. a4 Be7 6. Nc3 Bg5 7. Nf3 Bxc1 8. Qxc1 Ne7 9. Nd2 O-O 10. Nc4 Nf6 11.
O-O a6 12. f4 axb5 13. fxe5 dxe5 14. axb5 Rxa1 15. Qxa1 Ng6 16. Qa7 Nxe4 17. Nxe4 Qxd5 18. Ned6 Be6 19. b3 Nf4 20. Qxb7 Qd4+ 21. Rf2 Ne2+ 0-1

[Event "*** Titled Tuesday Blitz"]
[Site "Chess.com"]
[Date "2019.09.03"]
[Round "7"]
[White "tbalabayev"]
[Black "Gentlejimmy7"]
[Result "1-0"]
[WhiteElo "2393"]
[BlackElo "2495"]
[TimeControl "180+2"]
[EndTime "16:31:43 PDT"]
[Termination "tbalabayev won by resignation"]

1. Nf3 Nf6 2. g3 g6 3. Bg2 Bg7 4. O-O O-O 5. d3 d5 6. Nbd2 Nc6 7. e4 e5 8. Re1 a5 9. a4 b6 10. c3 Ba6 11. exd5 Nxd5 12. Nc4 Re8 13. Ng5 h6 14. Nxf7 Kxf7 15. Qf3+ Nf6 16. Qxc6 Qxd3 17. Qxc7+ Re7 18.
Nxe5+ Kf8 19. Qxe7+ Kxe7 20. Nxd3+ Kd6 21. Bf4+ 1-0

[Event "*** Titled Tuesday Blitz"]
[Site "Chess.com"]
[Date "2019.09.03"]
[Round "7"]
[White "Svet99"]
[Black "2165149677570"]
[Result "1-0"]
[WhiteElo "2160"]
[BlackElo "2298"]
[TimeControl "180+2"]
[EndTime "16:31:55 PDT"]
[Termination "Svet99 won by resignation"]

1. Nf3 Nf6 2. d4 b6 3. c4 e6 4. Nc3 Bb4 5. Qb3 c5 6. a3 Bxc3+ 7. Qxc3 Bb7 8. Bg5 h6 9. Bh4 O-O 10. Rd1 g5 11. Bg3 Ne4 12. Qc2 f5 13. h4 f4 14.
Bh2 g4 15. Ne5 Qxh4 16. g3 fxg3 17. fxg3 Nxg3 18. Qg6+ Kh8 19. Bxg3 Qxg3+ 20. Kd2 Qf4+ 21. e3 Qf2+ 22. Be2 Bxh1 23. Rxh1 1-0

[Event "*** Titled Tuesday Blitz"]
[Site "Chess.com"]
[Date "2019.09.03"]
[Round "7"]
[White "HanSchut"]
[Black "Iyael"]
[Result "1-0"]
[WhiteElo "2206"]
[BlackElo "2038"]
[TimeControl "180+2"]
[EndTime "16:32:09 PDT"]
[Termination "HanSchut won by checkmate"]

1. e4 c5 2. Nf3 Nc6 3. d4 cxd4 4. Nxd4 Nf6 5. Nc3 e5 6. Ndb5 d6 7. Bg5 a6 8. Na3 b5 9. Bxf6 gxf6 10. Nd5 f5 11. c3 Rg8 12. Bxb5 axb5 13. Nxb5 Ra5 14.
Nbc7+ Kd7 15. exf5 Ra7 16. Qh5 Rxc7 17. Qxf7+ Be7 18.
Nf6# 1-0

[Event "*** Titled Tuesday Blitz"]
[Site "Chess.com"]
[Date "2019.09.03"]
[Round "7"]
[White "AllStarShark"]
[Black "Colombiano07"]
[Result "1-0"]
[WhiteElo "2356"]
[BlackElo "2187"]
[TimeControl "180+2"]
[EndTime "16:32:41 PDT"]
[Termination "AllStarShark won by resignation"]

1. c4 Nc6 2. Nc3 e5 3. Nf3 g6 4.
e3 Bg7 5. d4 exd4 6. exd4 d6 7.
Be2 Nf6 8. O-O O-O 9. b3 Bf5 10. Bb2 Ne4 11. Nxe4 Bxe4 12. Qd2 Re8 13. Rfe1 a5 14.
Rad1 a4 15. b4 a3 16. Bc3 Qd7 17. b5 Ne7 18. d5 b6 19. Bxg7 Bxf3 20. Ba1 Bxe2 21.
Qc3 f6 22. Qxf6 Nf5 23. Qh8+ Kf7 24. Qxh7+ Kf8 25. Qxd7 1-0

[Event "*** Titled Tuesday Blitz"]
[Site "Chess.com"]
[Date "2019.09.03"]
[Round "7"]
[White "MalyDominator"]
[Black "MathiasWomacka"]
[Result "0-1"]
[WhiteElo "2307"]
[BlackElo "2197"]
[TimeControl "180+2"]
[EndTime "16:32:53 PDT"]
[Termination "MathiasWomacka won by resignation"]

1. e4 c5 2. Nf3 d6 3. d4 cxd4 4. Nxd4 Nf6 5. Nc3 a6 6. h3 e6 7. g4 b5 8. Bg2 Bb7 9. g5 Nfd7 10. Be3 Nc6 11. a3 Rc8 12. Qe2 Nce5 13. O-O Nc4 14. Bc1 Be7 15. h4 Qb6 16. Nb3 h6 17. g6 fxg6 18. Qg4 Kf7 19. Bh3 Nf8 20. Nd2 Ne5 21. Qf4+ Kg8 22. Nf3 g5 23. Qg3 gxh4 24.
Nxh4 Bxh4 0-1

[Event "*** Titled Tuesday Blitz"]
[Site "Chess.com"]
[Date "2019.09.03"]
[Round "7"]
[White "Hrant_ChessMood"]
[Black "area_5"]
[Result "1-0"]
[WhiteElo "2877"]
[BlackElo "2709"]
[TimeControl "180+2"]
[EndTime "16:32:55 PDT"]
[Termination "Hrant_ChessMood won by resignation"]

1. d4 Nf6 2. c4 e6 3. Nf3 d5 4. Nc3 dxc4 5. e4 Bb4 6. Bxc4 Nxe4 7. O-O Nf6 8. Qa4+ Nc6 9. Ne5 Rb8 10. Bg5 Bd7 11.
Bxf6 gxf6 12. Nxd7 Qxd7 13. d5 exd5 14. Nxd5 Be7 15. Rfe1 Ne5 16. Qc2 b5 17. Bb3 c5 18.
Rad1 c4 19. Nxf6+ Bxf6 20. Rxd7 cxb3 21. Qf5 O-O 22. Rdd1 1-0

[Event "*** Titled Tuesday Blitz"]
[Site "Chess.com"]
[Date "2019.09.03"]
[Round "7"]
[White "STARMATEcc"]
[Black "aa175"]
[Result "1-0"]
[WhiteElo "2526"]
[BlackElo "2280"]
[TimeControl "180+2"]
[EndTime "16:32:57 PDT"]
[Termination "STARMATEcc won by resignation"]

1. e4 c5 2. c3 Nf6 3. e5 Nd5 4.
d4 cxd4 5. Nf3 Nc6 6. cxd4 d6 7.
Bc4 Nb6 8. Bb5 dxe5 9. Nxe5 Qd5 10. Bxc6+ bxc6 11. O-O Ba6 12. Nc3 Qd6 13. Re1 f6 14.
Qh5+ g6 15. Nxg6 hxg6 16. Qxh8 O-O-O 17. Qh3+ Kb7 18. Ne4 Qxd4 19. Be3 Qxe4 20. Bxb6 Qxe1+ 21. Rxe1 axb6 22. Qh7 Kc7 23. h4 Bd3 24. Rxe7+ Bxe7 25. Qxe7+ Rd7 26. Qxf6 Bf5 27. g4 Bxg4 28. Qf4+ 1-0

[Event "*** Titled Tuesday Blitz"]
[Site "Chess.com"]
[Date "2019.09.03"]
[Round "7"]
[White "ALEXJR20"]
[Black "Induwara_IM"]
[Result "1-0"]
[WhiteElo "2237"]
[BlackElo "2370"]
[TimeControl "180+2"]
[EndTime "16:32:57 PDT"]
[Termination "ALEXJR20 won by resignation"]

1. c4 e5 2. e3 Nc6 3. Nc3 Nf6 4. Nf3 d5 5. cxd5 Nxd5 6. Bb5 Nxc3 7. dxc3 Bd6 8. e4 O-O 9. h3 Ne7 10. O-O Ng6 11. Bc4 Nf4 12. Bxf4 exf4 13. e5 Be7 14. Qb3 c6 15. a4 Qc7 16. Rad1 Bf5 17. e6 fxe6 18.
Bxe6+ Kh8 19. Rd7 Qb6 20. Rxe7 Qc5 21. Rxb7 Be4 22. Qc4 Qxc4 23. Bxc4 Bxf3 24. gxf3 Rab8 25. Rxb8 Rxb8 26. b4 1-0

[Event "*** Titled Tuesday Blitz"]
[Site "Chess.com"]
[Date "2019.09.03"]
[Round "7"]
[White "Ginzburg_Yakov"]
[Black "Morscas"]
[Result "1-0"]
[WhiteElo "2523"]
[BlackElo "2269"]
[TimeControl "180+2"]
[EndTime "16:33:03 PDT"]
[Termination "Ginzburg_Yakov won by resignation"]

1. e4 g6 2. d4 Bg7 3. Nc3 d6 4. g3 a6 5. Bg2 b5 6. a4 b4 7.
Nd5 a5 8. Ne2 Bb7 9. O-O Nd7 10.
c4 c5 11. Be3 e6 12. Ndf4 cxd4 13. Nxd4 Bxd4 14. Qxd4 e5 15. Qxd6 exf4 16. Bxf4 Qb6 17.
Rad1 Qxd6 18. Rxd6 Ne7 19. Rfd1 O-O-O 20. Bh3 Bc6 21. Bg5 f6 22. Bxf6 Rhe8 23. Bxe7 Rxe7 24. Rxc6+ Kb7 25. Rcd6 1-0

[Event "*** Titled Tuesday Blitz"]
[Site "Chess.com"]
[Date "2019.09.03"]
[Round "7"]
[White "albano87"]
[Black "nocnypako"]
[Result "0-1"]
[WhiteElo "2081"]
[BlackElo "2581"]
[TimeControl "180+2"]
[EndTime "16:33:19 PDT"]
[Termination "nocnypako won by resignation"]

1. e4 e6 2. d4 d5 3. Nc3 Bb4 4. Ne2 Nf6 5. Bg5 dxe4 6. a3 Be7 7. Bxf6 Bxf6 8. Nxe4 b6 9. Nxf6+ Qxf6 10. Nc3 O-O 11.
Bd3 Bb7 12. Be4 Bxe4 13. Nxe4 Qf4 14. Qd3 Nc6 15. Qe3 Qxe3+ 16. fxe3 f5 17. Ng5 Rae8 18. O-O-O h6 19. Nf3 e5 20. d5 Na5 21. b3 Nb7 22. c4 Nc5 23. Kc2 f4 24. Rhe1 e4 25. Nd4 f3 26.
Rd2 Nd3 27. Rf1 fxg2 28. Rxf8+ Rxf8 29. Rxg2 Ne1+ 0-1

[Event "*** Titled Tuesday Blitz"]
[Site "Chess.com"]
[Date "2019.09.03"]
[Round "7"]
[White "jlucasvf"]
[Black "oskariot"]
[Result "1-0"]
[WhiteElo "2699"]
[BlackElo "2751"]
[TimeControl "180+2"]
[EndTime "16:33:22 PDT"]
[Termination "jlucasvf won by resignation"]

1. e4 e6 2. Nf3 d5 3. e5 c5 4.
b4 b6 5. b5 Ne7 6. c3 Nf5 7. d4 cxd4 8. cxd4 a6 9. Bd3 axb5 10.
Bxb5+ Bd7 11. Bd3 Ba4 12. Qe2 Be7 13. Nc3 Bd7 14. O-O Nc6 15. Bxf5 exf5 16. Nxd5 O-O 17. Nf4 Nb4 18. d5 Bc5 19. Bd2 Ra5 20. a3 Bb5 21.
Qd1 Nxd5 22. Nxd5 Qxd5 23. Bxa5 Qxd1 24. Rfxd1 bxa5 25. Rd5 1-0

[Event "*** Titled Tuesday Blitz"]
[Site "Chess.com"]
[Date "2019.09.03"]
[Round "7"]
[White "Ali_rastbod"]
[Black "Ar4uha"]
[Result "1-0"]
[WhiteElo "2710"]
[BlackElo "2509"]
[TimeControl "180+2"]
[EndTime "16:33:25 PDT"]
[Termination "Ali_rastbod won by checkmate"]

1. c4 Nf6 2. Nc3 e6 3. e4 d5 4.
e5 d4 5. exf6 dxc3 6. bxc3 Qxf6 7. d4 e5 8. Nf3 Nc6 9. d5 Nb8 10. Bg5 Qg6 11. h4 e4 12. Nd4 Bd6 13. Be3 h5 14.
Nb5 Nd7 15. c5 Be5 16. d6 cxd6 17. Nc7+ Kd8 18. Nxa8 Bxc3+ 19. Bd2 Bxa1 20. Qxa1 Nxc5 21. Qd4 Be6 22. Qxd6+ Nd7 23. Bg5+ f6 24. Qxe6 Re8 25. Qd6 Qf5 26. Be3 Re6 27. Qc7+ Ke7 28. Qxb7 Qa5+ 29. Bd2 Qxa2 30. Qb4+ Kf7 31. Bc4 Qa1+ 32. Ke2 Qxh1 33. Qd6 Ne5 34. Qxe6+ Kg6 35. Qe8+ Kf5 36. Be6# 1-0

[Event "*** Titled Tuesday Blitz"]
[Site "Chess.com"]
[Date "2019.09.03"]
[Round "7"]
[White "iLuusions"]
[Black "xberli"]
[Result "0-1"]
[WhiteElo "2596"]
[BlackElo "2474"]
[TimeControl "180+2"]
[EndTime "16:33:25 PDT"]
[Termination "xberli won by resignation"]

1. d4 Nf6 2. c4 g6 3. Nc3 d5 4. Nf3 Bg7 5. cxd5 Nxd5 6. Bg5 O-O 7. Rc1 c5 8. Nxd5 Qxd5 9. Rxc5 Qxa2 10. Bxe7 Re8 11.
e3 Nc6 12. Bd6 Qxb2 13. Rb5 Qc3+ 14. Qd2 Qa1+ 15. Qd1 Qc3+ 16. Qd2 Nxd4 17. Nxd4 Bxd4 18. Be2 Qa1+ 19. Qd1 Bc3+ 20. Kf1 Qxd1+ 21. Bxd1 Rd8 22. Rd5 Be6 23. Rd3 Bc4 0-1

[Event "*** Titled Tuesday Blitz"]
[Site "Chess.com"]
[Date "2019.09.03"]
[Round "7"]
[White "liczner"]
[Black "FontVella8"]
[Result "1-0"]
[WhiteElo "2706"]
[BlackElo "2487"]
[TimeControl "180+2"]
[EndTime "16:33:48 PDT"]
[Termination "liczner won by checkmate"]

1. e4 c5 2. Nf3 Nc6 3. d4 cxd4 4.
Nxd4 Nf6 5. Nc3 e5 6. Ndb5 d6 7.
Bg5 a6 8. Na3 b5 9. Nd5 Be7 10.
Bxf6 Bxf6 11. c3 O-O 12. Nc2 Bg5 13. a4 bxa4 14. Rxa4 a5 15. Bc4 Rb8 16. b3 Kh8 17.
O-O f5 18. exf5 Bxf5 19. Nce3 Be6 20. Qd3 Ne7 21. Nxe7 Qxe7 22. Rxa5 Bxe3 23. Qxe3 Bxc4 24. bxc4 Rf4 25. Ra7 Qe6 26. c5 Rc8 27. Ra6 Rd8 28. cxd6 Rxd6 29. Ra8+ Rd8 30. Rxd8+ Qe8 31. Rxe8+ Rf8 32.
Rxf8# 1-0

[Event "*** Titled Tuesday Blitz"]
[Site "Chess.com"]
[Date "2019.09.03"]
[Round "7"]
[White "Vasily_Papin"]
[Black "guillembaches"]
[Result "1-0"]
[WhiteElo "2623"]
[BlackElo "2327"]
[TimeControl "180+2"]
[EndTime "16:33:50 PDT"]
[Termination "Vasily_Papin won by resignation"]

1. c4 e6 2. g3 d5 3. Bg2 Nf6 4. Nf3 dxc4 5. Qa4+ Nbd7 6. Qxc4 a6 7. Qc2 c5 8. Nc3 Qc7 9. d4 cxd4 10. Nxd4 Bc5 11. Nb3 Bd6 12. O-O O-O 13. Rd1 Ne5 14. Bf4 Nc4 15. Nb5 axb5 16. Bxd6 Qb6 17. Bc5 Qa6 18. Bxf8 Kxf8 19. Nd2 Bd7 20. b3 Na3 21. Qc5+ Kg8 22. Rac1 h5 23. Qc7 Ra7 24. Ne4 Nxe4 25. Qd8+ Kh7 26. Bxe4+ 1-0

[Event "*** Titled Tuesday Blitz"]
[Site "Chess.com"]
[Date "2019.09.03"]
[Round "7"]
[White "Bladel"]
[Black "a_kandil"]
[Result "1-0"]
[WhiteElo "2624"]
[BlackElo "2417"]
[TimeControl "180+2"]
[EndTime "16:34:15 PDT"]
[Termination "Bladel won by checkmate"]

1. e4 c5 2. Nf3 d6 3. d4 cxd4 4. Nxd4 Nf6 5. Nc3 a6 6. Bd3 e6 7. f4 Nbd7 8. g4 e5 9. Nb3 exf4 10. Bxf4 Ne5 11. h3 Be7 12. Qe2 Nfxg4 13. hxg4 Bxg4 14. Qf2 Bh4 15. Bg3 Nf3+ 16. Kf1 Bxg3 17. Qxg3 Qf6 18. Nd5 Qg5 19. Kg2 h5 20. Nc7+ Kd7 21. Nxa8 h4 22. Nb6+ Ke8 23. Qxd6 h3+ 24. Kf1 Ne5 25. Qb8+ Ke7 26.
Nd5+ Kd7 27. Nc5+ Kc6 28. Qc7# 1-0

[Event "*** Titled Tuesday Blitz"]
[Site "Chess.com"]
[Date "2019.09.03"]
[Round "7"]
[White "bluejay1897"]
[Black "adriangschnitzer"]
[Result "0-1"]
[WhiteElo "2289"]
[BlackElo "2524"]
[TimeControl "180+2"]
[EndTime "16:34:20 PDT"]
[Termination "adriangschnitzer won by resignation"]

1. Nf3 e6 2. g3 d5 3. Bg2 Nf6 4. c4 c5 5. O-O Nc6 6. d4 dxc4 7. dxc5 Qxd1 8. Rxd1 Bxc5 9. Nbd2 c3 10. bxc3 Bd7 11. Nb3 Be7 12. c4 O-O 13. Bg5 Rfd8 14. Rab1 Be8 15. Nbd4 Rab8 16. Nxc6 Bxc6 17. Ne5 Bxg2 18.
Kxg2 Rxd1 19. Rxd1 Rd8 20. Nd3 Kf8 21. Rb1 b6 22. a4 Ne4 23. Bxe7+ Kxe7 24. a5 Nd2 25. Rb4 bxa5 26. Ra4 Nb3 27. Ra3 Rb8 28. c5 f6 29.
h4 Kd7 30. Nf4 e5 31. Nd3 Rb5 32. f4 e4 33. Nb2 Nxc5 34. Nc4 a4 35. Kf2 Rb3 36.
Ra2 Rc3 37. Ne3 Kc6 38. g4 Kb5 39. g5 fxg5 40. hxg5 Ne6 41. Ng2 Kb4 42. e3 Kb3 0-1

[Event "*** Titled Tuesday Blitz"]
[Site "Chess.com"]
[Date "2019.09.03"]
[Round "7"]
[White "Sutormin_DA"]
[Black "TigranLPetrosyan"]
[Result "0-1"]
[WhiteElo "2611"]
[BlackElo "2913"]
[TimeControl "180+2"]
[EndTime "16:34:25 PDT"]
[Termination "TigranLPetrosyan won by resignation"]

1. e4 g6 2. d4 Bg7 3. Nc3 a6 4. a4 d6 5. Bc4 Nf6 6. Nf3 O-O 7. O-O c6 8. a5 d5 9. exd5 cxd5 10. Be2 Nc6 11. Ne5 Nxa5 12. Bf3 Nc6 13. Bf4 e6 14. Na4 Nxe5 15. Bxe5 Bd7 16. Nc5 Bc6 17. Re1 Nd7 18. Bxg7 Kxg7 19. Nxd7 Qxd7 20. Qd2 Qd6 21. h4 h6 22. g3 a5 23. Re5 a4 24. Kg2 f6 25.
Re3 e5 26. h5 e4 27. Be2 g5 28.
Rc3 f5 29. Rc5 f4 30. Bb5 fxg3 31. fxg3 Rf3 32. Qe1 g4 33. Be2 Raf8 34. Bxf3 gxf3+ 35. Kf2 Rf5 36. Qh1 e3+ 37. Kxe3 Qe7+ 38. Kd3 Qe2+ 39. Kc3 Qe3+ 40. Kb4 Qxd4+ 0-1

[Event "*** Titled Tuesday Blitz"]
[Site "Chess.com"]
[Date "2019.09.03"]
[Round "7"]
[White "Caisachess"]
[Black "Kumi29"]
[Result "0-1"]
[WhiteElo "2288"]
[BlackElo "2535"]
[TimeControl "180+2"]
[EndTime "16:34:26 PDT"]
[Termination "Kumi29 won by resignation"]

1. e4 e6 2. d4 d5 3. Bd3 dxe4 4. Bxe4 Nf6 5. Bf3 c5 6. Ne2 Nc6 7. Be3 Nd5 8. Bxd5 Qxd5 9. Nbc3 Qxg2 10. Rg1 Qxh2 11.
dxc5 Ne5 12. Rg3 Bd7 13. Ng1 O-O-O 14. Qe2 Bc6 15. Rd1 Be7 16. Bf4 Ng6 17. Bd6 Bxd6 18. cxd6 h5 19. Rdd3 h4 20. Nf3 hxg3 21. Nxh2 gxh2 22.
Kd2 h1=Q 23. Qe3 Qh6 0-1

[Event "*** Titled Tuesday Blitz"]
[Site "Chess.com"]
[Date "2019.09.03"]
[Round "7"]
[White "SelfishShellfish"]
[Black "vanyakuba"]
[Result "1-0"]
[WhiteElo "2205"]
[BlackElo "2345"]
[TimeControl "180+2"]
[EndTime "16:34:27 PDT"]
[Termination "SelfishShellfish won by resignation"]

1. e4 d5 2. exd5 Qxd5 3. Nf3 Nf6 4. Nc3 Qa5 5. d4 Bg4 6. Bd2 c6 7. h3 Bh5 8. Bc4 e6 9. Qe2 Qc7 10. g4 Bg6 11. O-O-O Nbd7 12. Ne5 Nxe5 13. dxe5 Nd7 14. f4 O-O-O 15. Qf2 Bc5 16. Be3 Qb6 17. Rhe1 Qb4 18.
Bb3 Bxe3+ 19. Rxe3 Nc5 20. Rxd8+ Rxd8 21. f5 exf5 22. gxf5 Bh5 23. e6 Qd4 24. Qe1 fxe6 25. fxe6 b5 26. e7 Re8 27. Re5 Bg6 28. h4 b4 29. Na4 Nxb3+ 30. axb3 Qxh4 31. Qxh4 1-0

[Event "*** Titled Tuesday Blitz"]
[Site "Chess.com"]
[Date "2019.09.03"]
[Round "7"]
[White "kinga2008"]
[Black "Potosino1970"]
[Result "0-1"]
[WhiteElo "1923"]
[BlackElo "2543"]
[TimeControl "180+2"]
[EndTime "16:34:29 PDT"]
[Termination "Potosino1970 won by checkmate"]

1. e4 c5 2. Nf3 Nc6 3. d4 cxd4 4.
Nxd4 e5 5. Nxc6 bxc6 6. Nc3 Nf6 7. Bc4 Bb4 8. Bg5 h6 9. Bh4 O-O 10. O-O Bxc3 11. bxc3 g5 12. Bg3 Qe7 13. Qf3 d6 14.
h3 Kg7 15. Rad1 Be6 16. Bb3 a5 17. Rd3 a4 18. Bxe6 fxe6 19. Rfd1 Rad8 20. Qe3 Qc7 21. c4 c5 22. f3 Kg6 23. Qd2 Nh5 24. Bh2 Kf6 25.
g4 Nf4 26. Bxf4 gxf4 27. Rxd6 Rxd6 28. Qxd6 Qxd6 29. Rxd6 Rb8 30. Rc6 Rb2 31. Rxc5 Rxc2 32. Rc8 Kg5 33. c5 Kh4 34. c6 Kg3 35. Kf1 Kxf3 36.
c7 Rc1# 0-1

[Event "*** Titled Tuesday Blitz"]
[Site "Chess.com"]
[Date "2019.09.03"]
[Round "7"]
[White "Fighterman91"]
[Black "Parhamov"]
[Result "0-1"]
[WhiteElo "2750"]
[BlackElo "2911"]
[TimeControl "180+2"]
[EndTime "16:34:32 PDT"]
[Termination "Parhamov won by checkmate"]

1. e4 e6 2. d4 d5 3. Nc3 Bb4 4. e5 Qd7 5. Qg4 f5 6. Qg3 b6 7. h4 Bb7 8. Nh3 Nc6 9. Be3 O-O-O 10. Nf4 Kb8 11. h5 Nh6 12. Be2 Rdg8 13. Nd3 Bxc3+ 14. bxc3 Nf7 15. Rb1 Na5 16. Nf4 Bc6 17. Kd2 Kb7 18. Rb4 a6 19. f3 Bb5 20. Bd3 Nd8 21. Rhb1 Ndc6 22. Rxb5 axb5 23. Bxb5 g5 24. hxg6 hxg6 25.
Qg5 Qf7 26. Qf6 Qxf6 27. exf6 Nd8 28. Nd3 c6 29. Ba4 Rh2 30. Nf4 g5 31. Bg1 gxf4 32.
Bxh2 Rxg2+ 33. Kd3 Rxh2 34. f7 Nc4 35. Rd1 Nb2# 0-1

[Event "*** Titled Tuesday Blitz"]
[Site "Chess.com"]
[Date "2019.09.03"]
[Round "7"]
[White "babero_gordo"]
[Black "HrvojeZagreb"]
[Result "0-1"]
[WhiteElo "2172"]
[BlackElo "2080"]
[TimeControl "180+2"]
[EndTime "16:34:32 PDT"]
[Termination "HrvojeZagreb won by resignation"]

1. e4 e6 2. d4 d5 3. Nd2 dxe4 4. Nxe4 Nd7 5. Nf3 Ngf6 6. Bd3 Nxe4 7. Bxe4 Nf6 8. Bd3 c5 9. O-O cxd4 10. Nxd4 Bd7 11. Re1 Bc5 12. Nb3 Bb6 13. Bg5 Qc7 14. Qd2 h6 15. Bf4 Qc6 16. a4 a6 17. Be5 Rd8 18. Qf4 Nd5 19. Qg3 Bc7 20. Qxg7 Bxe5 21. Rxe5 Rf8 22. Nd4 Qb6 23. Rae1 Nf4 24. Qf6 Qxd4 25.
R5e4 Qxf6 0-1

[Event "*** Titled Tuesday Blitz"]
[Site "Chess.com"]
[Date "2019.09.03"]
[Round "7"]
[White "Chigorinetz"]
[Black "Kanthecarowin"]
[Result "0-1"]
[WhiteElo "2558"]
[BlackElo "2401"]
[TimeControl "180+2"]
[EndTime "16:34:35 PDT"]
[Termination "Kanthecarowin won by resignation"]

1. e4 c6 2. Nc3 d5 3. Nf3 Bg4 4. h3 Bxf3 5. Qxf3 e6 6. d4 Nf6 7. Be3 Qb6 8. O-O-O Bb4 9. e5 Bxc3 10.
bxc3 Ne4 11. Bd2 c5 12. Bd3 Nxd2 13. Rxd2 cxd4 14. cxd4 Nc6 15. c3 Qa5 16. Kb2 Nxd4 17. Qg4 Nb5 18. Rc1 Qa3+ 19. Kc2 Nxc3 20. Qxg7 Rf8 21.
Bxh7 Ne4 22. Bxe4 Rc8+ 23. Kd1 Rxc1+ 24. Ke2 dxe4 25. Qg5 Qa5 26. Qe3 Qb5+ 0-1